cohdb
Replays
Latest Replays
All Replays
Popular Replays
Top Player Replays
Match Explorer
How It Works
Community
CoH3 Stats
Reddit
Sign in to upload your games and track your stats! →
Sign in with Steam
Match 40714109
Unlisted
Match 40714109
Overview
Messages
Build Orders
End
Construct Infanterie Kompanie
MG 42 Machine Gun Team
Grenadier Squad
Grenadier Squad
Construct Panzergrenadier Kompanie
Panzergrenadier Squad
Panzergrenadier Officer Quarters
Medical Bunker
Construct Panzer Kompanie
Selects Mechanized Battlegroup
Selects Raid Package
Selects 8 Rad Armored Car
Selects UNKNOWN (2160084)
Pioneer Squad
Panther Heavy Tank
Panzer Officer Quarters
Sturmpanzer IV Brummbär
Repair Bunker
Forward Retreat Point
Selects Mobile Repair Stations
Sturmpanzer IV Brummbär
Side Skirts
Selects Wespe Self-propelled Artillery
打飞医保卡
HelpingHans
AquaFerret
Французкий еврей
Wolfe
Carecup
water
AlexTheLie
0
0
Comments
sign in to comment!
No comments posted yet!